[ AOE2 MATCH · #492078008 ]
Team RMSlavs vs Koreans
[ REPLAY ANALYSIS · EXTRACTED FROM THE RECORDED GAME ]
Feudal
11:19
Castle
15:14
Imperial
34:55
| APM avg | 33.2 |
| APM peak | 75 |
| eAPM avg | 19.1 |
| Villagers / military | 129 / 121 |
Focus
⚔️ 26.0% · 🌾 74.0%
Knight ×82 · Boyar ×33 · Fishing Ship ×16 · Unknown (2626) ×14 · Trebuchet (Packed) ×5 · Monk ×1
Feudal
12:00
Castle
15:39
Imperial
22:27
| APM avg | 28.3 |
| APM peak | 47 |
| eAPM avg | 16.3 |
| Villagers / military | 72 / 37 |
Focus
⚔️ 30.7% · 🌾 69.3%
Urumi Swordsman ×19 · Fishing Ship ×11 · Trebuchet (Packed) ×7 · Spearman ×7 · Mangonel ×3 · Monk ×1
Feudal
12:33
Castle
16:49
Imperial
—
| APM avg | 55.1 |
| APM peak | 95 |
| eAPM avg | 37.8 |
| Villagers / military | 160 / 138 |
Focus
⚔️ 26.6% · 🌾 73.4%
Knight ×84 · Battering Ram ×21 · Gbeto ×18 · Fishing Ship ×15 · Archer ×9 · Skirmisher ×3
Feudal
11:29
Castle
33:59
Imperial
—
| APM avg | 52.7 |
| APM peak | 129 |
| eAPM avg | 33.1 |
| Villagers / military | 134 / 41 |
Focus
⚔️ 44.0% · 🌾 56.0%
Unknown (2626) ×42 · Fishing Ship ×36 · Spearman ×19 · Fire Galley ×15 · Unknown (1944) ×7 · Battering Ram ×5
Feudal
10:37
Castle
14:35
Imperial
31:50
| APM avg | 54.7 |
| APM peak | 86 |
| eAPM avg | 29.6 |
| Villagers / military | 155 / 83 |
Focus
⚔️ 43.9% · 🌾 56.1%
Ratha (Ranged) ×55 · Monk ×19 · Fishing Ship ×17 · Unknown (2626) ×10 · Mangonel ×3 · Armored Elephant ×3
Feudal
12:05
Castle
16:07
Imperial
27:53
| APM avg | 43.8 |
| APM peak | 86 |
| eAPM avg | 30.9 |
| Villagers / military | 89 / 172 |
Focus
⚔️ 48.5% · 🌾 51.5%
Fire Lancer ×102 · Fishing Ship ×46 · Trade Cog ×41 · Unknown (2626) ×37 · Scout Cavalry ×27 · Galley ×26
Feudal
10:19
Castle
14:13
Imperial
—
| APM avg | 41.2 |
| APM peak | 72 |
| eAPM avg | 20.0 |
| Villagers / military | 137 / 23 |
Focus
⚔️ 30.7% · 🌾 69.3%
Unknown (2626) ×93 · Fishing Ship ×13 · Mangudai ×10 · Skirmisher ×7 · Monk ×4 · Mangonel ×2
Feudal
11:03
Castle
14:34
Imperial
—
| APM avg | 53.7 |
| APM peak | 86 |
| eAPM avg | 21.1 |
| Villagers / military | 46 / 41 |
Focus
⚔️ 25.6% · 🌾 74.4%
Fishing Ship ×51 · Ratha (Ranged) ×19 · Armored Elephant ×9 · Petard ×9 · Monk ×2 · Mangonel ×2
Match map
Initial resources + every placement click. Lines = walls · curves = elevation contours. ◆ gold · ⬟ stone · ● berries · ✦ relic · ◌ wall gap
Your base· ✓ Map-separated
1472389020's base· Open — 2t gap
SAVIOR's base· Open — 1t gap
clh5699's base· ✓ Map-separated
Tính nóng võ công cao's base· Open — 2t gap
_LY_lyx's base· Open — 2t gap
清远华's base· ✓ Map-separated
_FJ_糖糖's base· ✓ Map-separated
Smoothed initial terrain · ◌ = detected wall gap · hover for details
Inputs per minute
— Quàng Thượng - - 1472389020
Build order — Quàng Thượng
First 150 of 376 actions detected
| 0:23 | Build | House |
| 0:54 | Build | Dock |
| 0:55 | Build | House |
| 0:56 | Build | House |
| 1:47 | Build | House |
| 2:01 | Build | Town Center |
| 2:17 | Create | Fishing Ship |
| 2:55 | Create | Villager (Male) |
| 2:56 | Create | Villager (Male) |
| 2:56 | Create | Villager (Male) |
| 2:56 | Create | Villager (Male) |
| 3:32 | Create | Fishing Ship |
| 3:53 | Create | Fishing Ship |
| 4:29 | Research | Loom |
| 4:33 | Build | Dock |
| 4:45 | Create | Fishing Ship |
| 4:55 | Create | Villager (Male) |
| 5:29 | Create | Fishing Ship |
| 5:29 | Create | Fishing Ship |
| 5:38 | Create | Villager (Male) |
| 5:41 | Create | Fishing Ship |
| 5:41 | Create | Fishing Ship |
| 6:04 | Create | Villager (Male) |
| 6:16 | Build | Mill |
| 6:17 | Create | Villager (Male) |
| 6:24 | Create | Fishing Ship |
| 6:29 | Build | House |
| 7:04 | Create | Fishing Ship |
| 7:05 | Create | Villager (Male) |
| 7:09 | Create | Fishing Ship |
| 7:27 | Build | House |
| 7:37 | Create | Villager (Male) |
| 7:40 | Build | Lumber Camp |
| 7:51 | Create | Villager (Male) |
| 8:01 | Create | Fishing Ship |
| 8:18 | Create | Fishing Ship |
| 8:28 | Create | Villager (Male) |
| 8:44 | Build | House |
| 8:47 | Create | Villager (Male) |
| 8:47 | Create | Fishing Ship |
| 9:09 | Research | Feudal Age |
| 9:12 | Create | Fishing Ship |
| 9:48 | Create | Fishing Ship |
| 10:57 | Create | Villager (Male) |
| 11:05 | Build | House |
| 11:19 | Age | Feudal Age |
| 11:26 | Build | Market |
| 11:29 | Build | Blacksmith |
| 11:32 | Create | Villager (Male) |
| 11:33 | Research | Town Watch |
| 11:40 | Build | House |
| 12:01 | Build | Mining Camp |
| 12:28 | Research | Double-Bit Axe |
| 12:33 | Research | Castle Age |
| 13:36 | Research | Tech 906 |
| 14:01 | Create | Unit 2626 |
| 14:01 | Create | Unit 2626 |
| 14:34 | Create | Unit 2626 |
| 15:03 | Research | Gold Mining |
| 15:14 | Age | Castle Age |
| 15:25 | Build | Town Center |
| 15:40 | Research | War Galley (upgrade) |
| 15:40 | Research | War Galley (upgrade) |
| 15:40 | Create | Villager (Male) |
| 15:45 | Research | Forging |
| 15:45 | Research | Forging |
| 16:05 | Create | Villager (Male) |
| 16:08 | Create | Unit 2626 |
| 16:20 | Create | Villager (Male) |
| 16:34 | Create | Villager (Male) |
| 16:48 | Create | Villager (Male) |
| 16:53 | Research | Iron Casting |
| 16:53 | Research | Iron Casting |
| 17:01 | Build | House |
| 17:02 | Build | House |
| 17:11 | Create | Unit 2626 |
| 17:11 | Create | Villager (Male) |
| 17:11 | Create | Villager (Male) |
| 17:24 | Create | Villager (Male) |
| 17:40 | Create | Unit 2626 |
| 17:40 | Create | Unit 2626 |
| 17:41 | Create | Villager (Male) |
| 17:48 | Create | Villager (Male) |
| 18:05 | Create | Villager (Male) |
| 18:07 | Create | Unit 2626 |
| 18:35 | Create | Villager (Male) |
| 18:37 | Research | Gillnets |
| 18:38 | Create | Unit 2626 |
| 18:39 | Create | Unit 2626 |
| 18:50 | Create | Villager (Male) |
| 19:05 | Create | Villager (Male) |
| 19:14 | Create | Villager (Male) |
| 19:26 | Create | Villager (Male) |
| 19:27 | Create | Unit 2626 |
| 19:28 | Create | Unit 2626 |
| 19:28 | Create | Unit 2626 |
| 19:33 | Create | Villager (Male) |
| 19:49 | Create | Unit 2626 |
| 19:50 | Create | Villager (Male) |
| 19:54 | Create | Villager (Male) |
| 20:00 | Build | House |
| 20:01 | Build | House |
| 20:07 | Build | Town Center |
| 20:19 | Research | Horse Collar |
| 20:42 | Create | Villager (Male) |
| 20:42 | Create | Villager (Male) |
| 20:43 | Create | Villager (Male) |
| 20:48 | Build | Farm |
| 20:48 | Build | Farm |
| 20:48 | Build | Farm |
| 20:48 | Build | Farm |
| 20:48 | Build | Farm |
| 20:49 | Build | Farm |
| 20:49 | Build | Farm |
| 20:56 | Build | House |
| 20:57 | Build | House |
| 20:59 | Create | Monk |
| 21:02 | Create | Villager (Male) |
| 21:20 | Create | Villager (Male) |
| 21:31 | Research | Bow Saw |
| 21:39 | Research | Heavy Plow |
| 21:40 | Create | Villager (Male) |
| 21:40 | Create | Villager (Male) |
| 21:44 | Build | Farm |
| 21:45 | Build | Farm |
| 21:46 | Build | Farm |
| 21:56 | Build | House |
| 21:57 | Build | House |
| 21:57 | Build | House |
| 21:58 | Create | Villager (Male) |
| 22:11 | Build | House |
| 22:12 | Build | House |
| 22:17 | Create | Villager (Male) |
| 22:24 | Build | Farm |
| 22:24 | Build | Farm |
| 22:24 | Build | Farm |
| 22:25 | Build | Farm |
| 22:25 | Build | Farm |
| 22:25 | Build | Farm |
| 22:29 | Create | Villager (Male) |
| 22:41 | Build | Farm |
| 22:44 | Build | Farm |
| 22:45 | Build | Farm |
| 22:46 | Create | Villager (Male) |
| 22:47 | Create | Villager (Male) |
| 22:51 | Research | Wheelbarrow |
| 22:52 | Create | Villager (Male) |
| 22:56 | Create | Villager (Male) |
| 22:57 | Build | Farm |
| 22:59 | Create | Villager (Male) |
Build order — 1472389020
First 150 of 231 actions detected
| 0:31 | Build | Dock |
| 1:46 | Build | Town Center |
| 2:11 | Build | House |
| 2:13 | Build | Palisade Wall |
| 2:24 | Build | Palisade Wall |
| 2:56 | Create | Villager (Male) |
| 2:56 | Create | Villager (Male) |
| 2:57 | Create | Villager (Male) |
| 2:57 | Create | Villager (Male) |
| 2:57 | Create | Villager (Male) |
| 3:46 | Create | Fishing Ship |
| 4:05 | Build | House |
| 4:28 | Create | Fishing Ship |
| 4:35 | Build | House |
| 4:41 | Build | House |
| 4:49 | Create | Villager (Male) |
| 4:49 | Create | Villager (Male) |
| 5:07 | Create | Villager (Male) |
| 5:09 | Create | Fishing Ship |
| 5:40 | Create | Villager (Male) |
| 5:49 | Create | Fishing Ship |
| 6:05 | Create | Villager (Male) |
| 6:20 | Create | Fishing Ship |
| 6:22 | Create | Villager (Male) |
| 6:23 | Create | Villager (Male) |
| 6:37 | Build | Dock |
| 6:45 | Create | Villager (Male) |
| 6:46 | Create | Villager (Male) |
| 7:04 | Build | Dock |
| 7:11 | Create | Villager (Male) |
| 7:15 | Create | Fishing Ship |
| 7:25 | Build | Mill |
| 7:48 | Build | House |
| 7:51 | Create | Villager (Male) |
| 7:51 | Create | Villager (Male) |
| 7:52 | Create | Villager (Male) |
| 8:13 | Build | Mining Camp |
| 8:33 | Create | Fishing Ship |
| 8:36 | Create | Fishing Ship |
| 9:09 | Create | Villager (Male) |
| 9:32 | Build | Mining Camp |
| 9:38 | Research | Feudal Age |
| 9:56 | Create | Fishing Ship |
| 10:56 | Build | Outpost |
| 11:13 | Create | Fishing Ship |
| 11:19 | Create | Fishing Ship |
| 11:24 | Build | Palisade Wall |
| 11:26 | Build | Palisade Wall |
| 11:28 | Build | Palisade Wall |
| 11:45 | Build | Outpost |
| 12:00 | Age | Feudal Age |
| 12:03 | Create | Villager (Male) |
| 12:06 | Build | Market |
| 12:14 | Build | Blacksmith |
| 12:31 | Research | Loom |
| 12:35 | Research | Tech 906 |
| 12:59 | Research | Castle Age |
| 13:12 | Research | Double-Bit Axe |
| 13:13 | Research | Horse Collar |
| 13:14 | Research | Gold Mining |
| 13:14 | Research | Gold Mining |
| 13:30 | Build | Lumber Camp |
| 15:01 | Build | House |
| 15:03 | Build | House |
| 15:39 | Age | Castle Age |
| 15:50 | Create | Villager (Male) |
| 15:51 | Create | Villager (Male) |
| 15:57 | Build | Castle |
| 16:02 | Create | Villager (Male) |
| 16:28 | Create | Villager (Male) |
| 16:32 | Build | Siege Workshop |
| 16:57 | Build | Town Center |
| 17:09 | Create | Mangonel |
| 17:31 | Create | Villager (Male) |
| 17:32 | Create | Monk |
| 17:38 | Create | Villager (Male) |
| 17:55 | Build | Outpost |
| 18:08 | Build | Stone Wall |
| 18:13 | Create | Villager (Male) |
| 18:35 | Create | Villager (Male) |
| 18:41 | Build | Mining Camp |
| 19:00 | Create | Villager (Male) |
| 19:17 | Research | Imperial Age |
| 19:19 | Create | Mangonel |
| 20:06 | Create | Villager (Male) |
| 20:21 | Create | Villager (Male) |
| 20:27 | Create | Villager (Male) |
| 20:27 | Create | Villager (Male) |
| 20:51 | Build | Farm |
| 20:52 | Build | Farm |
| 20:53 | Build | Farm |
| 20:56 | Build | Farm |
| 20:59 | Build | Farm |
| 21:01 | Build | Farm |
| 21:28 | Research | Wheelbarrow |
| 21:43 | Create | Mangonel |
| 21:57 | Research | Bow Saw |
| 22:09 | Build | Stone Wall |
| 22:27 | Age | Imperial Age |
| 22:30 | Create | Trebuchet (Packed) |
| 22:30 | Create | Trebuchet (Packed) |
| 23:01 | Create | Villager (Male) |
| 23:01 | Create | Villager (Male) |
| 23:01 | Create | Villager (Male) |
| 23:14 | Create | Villager (Male) |
| 23:36 | Create | Trebuchet (Packed) |
| 24:04 | Create | Villager (Male) |
| 24:04 | Create | Villager (Male) |
| 24:19 | Create | Trebuchet (Packed) |
| 24:46 | Build | Dock |
| 24:51 | Create | Villager (Male) |
| 24:51 | Create | Villager (Male) |
| 24:51 | Create | Villager (Male) |
| 25:09 | Create | Urumi Swordsman |
| 25:09 | Create | Urumi Swordsman |
| 25:13 | Create | Urumi Swordsman |
| 25:48 | Create | Urumi Swordsman |
| 25:48 | Create | Urumi Swordsman |
| 25:49 | Create | Urumi Swordsman |
| 25:55 | Build | Lumber Camp |
| 26:55 | Create | Urumi Swordsman |
| 26:55 | Create | Urumi Swordsman |
| 27:06 | Build | Castle |
| 27:26 | Build | Fish Trap |
| 27:26 | Build | Fish Trap |
| 27:27 | Build | Fish Trap |
| 27:28 | Build | Fish Trap |
| 27:28 | Build | Fish Trap |
| 27:29 | Build | Fish Trap |
| 27:41 | Build | Castle |
| 28:18 | Build | Market |
| 28:23 | Create | Urumi Swordsman |
| 28:23 | Create | Urumi Swordsman |
| 29:17 | Build | Lumber Camp |
| 29:27 | Build | Monastery |
| 29:30 | Create | Urumi Swordsman |
| 29:31 | Create | Urumi Swordsman |
| 29:31 | Create | Urumi Swordsman |
| 29:31 | Create | Urumi Swordsman |
| 29:32 | Create | Urumi Swordsman |
| 29:40 | Build | Farm |
| 29:40 | Build | Farm |
| 29:41 | Build | Farm |
| 29:51 | Create | Villager (Male) |
| 30:01 | Create | Urumi Swordsman |
| 30:02 | Create | Urumi Swordsman |
| 30:02 | Create | Urumi Swordsman |
| 30:02 | Create | Urumi Swordsman |
| 30:05 | Build | Town Center |
| 30:28 | Build | Farm |
Build order — SAVIOR
First 150 of 478 actions detected
| 1:30 | Build | Dock |
| 2:08 | Build | Town Center |
| 2:18 | Build | House |
| 2:54 | Create | Villager (Male) |
| 2:57 | Create | Villager (Male) |
| 3:01 | Build | House |
| 3:05 | Create | Villager (Male) |
| 3:15 | Create | Villager (Male) |
| 3:15 | Create | Villager (Male) |
| 3:29 | Create | Fishing Ship |
| 4:12 | Create | Fishing Ship |
| 4:13 | Create | Fishing Ship |
| 4:15 | Build | House |
| 4:25 | Research | Loom |
| 4:54 | Create | Villager (Male) |
| 5:18 | Create | Fishing Ship |
| 5:25 | Create | Villager (Male) |
| 5:34 | Build | Dock |
| 5:47 | Create | Fishing Ship |
| 5:51 | Create | Villager (Male) |
| 6:12 | Create | Villager (Male) |
| 6:26 | Build | House |
| 6:27 | Create | Fishing Ship |
| 6:38 | Create | Villager (Male) |
| 6:47 | Build | House |
| 6:56 | Build | House |
| 6:59 | Create | Fishing Ship |
| 7:00 | Create | Villager (Male) |
| 7:08 | Create | Villager (Male) |
| 7:08 | Create | Villager (Male) |
| 7:11 | Build | Lumber Camp |
| 7:34 | Create | Fishing Ship |
| 7:40 | Create | Villager (Male) |
| 7:58 | Create | Fishing Ship |
| 8:00 | Create | Villager (Male) |
| 8:22 | Create | Villager (Male) |
| 8:39 | Create | Fishing Ship |
| 8:39 | Create | Fishing Ship |
| 8:47 | Build | Dock |
| 8:57 | Create | Villager (Male) |
| 8:58 | Create | Villager (Male) |
| 8:58 | Create | Villager (Male) |
| 9:34 | Create | Fishing Ship |
| 9:34 | Create | Fishing Ship |
| 9:52 | Build | Mining Camp |
| 10:03 | Create | Villager (Male) |
| 10:06 | Build | House |
| 10:10 | Build | Palisade Wall |
| 10:13 | Build | Palisade Wall |
| 10:20 | Build | House |
| 10:22 | Research | Feudal Age |
| 10:29 | Build | Palisade Wall |
| 11:18 | Build | Palisade Wall |
| 11:57 | Build | Palisade Wall |
| 12:00 | Build | Palisade Wall |
| 12:06 | Build | Palisade Wall |
| 12:33 | Age | Feudal Age |
| 12:37 | Build | Dock |
| 12:38 | Create | Villager (Male) |
| 12:44 | Build | Blacksmith |
| 12:53 | Build | Mill |
| 12:55 | Create | Villager (Male) |
| 13:11 | Create | Villager (Male) |
| 13:30 | Build | Market |
| 13:40 | Create | Villager (Male) |
| 14:08 | Research | Castle Age |
| 14:08 | Research | Castle Age |
| 14:23 | Create | Fishing Ship |
| 14:26 | Create | Fishing Ship |
| 14:28 | Build | House |
| 14:53 | Research | Double-Bit Axe |
| 14:53 | Research | Horse Collar |
| 14:53 | Research | Horse Collar |
| 15:16 | Build | Outpost |
| 15:59 | Build | Outpost |
| 16:34 | Build | House |
| 16:35 | Build | House |
| 16:49 | Age | Castle Age |
| 16:52 | Build | Castle |
| 17:04 | Build | Town Center |
| 17:06 | Create | Villager (Male) |
| 17:09 | Create | Villager (Male) |
| 17:09 | Create | Villager (Male) |
| 17:12 | Create | Villager (Male) |
| 17:17 | Create | Villager (Male) |
| 17:24 | Build | Farm |
| 17:26 | Build | Farm |
| 17:32 | Build | Town Center |
| 17:56 | Build | House |
| 17:58 | Build | House |
| 18:04 | Build | Siege Workshop |
| 18:05 | Create | Villager (Male) |
| 18:17 | Build | Outpost |
| 18:36 | Build | Lumber Camp |
| 18:57 | Build | Farm |
| 18:58 | Build | Farm |
| 18:59 | Build | Farm |
| 19:12 | Build | House |
| 19:15 | Create | Villager (Male) |
| 19:16 | Create | Villager (Male) |
| 19:17 | Create | Villager (Male) |
| 19:20 | Create | Villager (Male) |
| 19:21 | Create | Villager (Male) |
| 19:37 | Create | Villager (Male) |
| 19:37 | Create | Villager (Male) |
| 19:42 | Build | Farm |
| 19:43 | Build | Farm |
| 19:44 | Build | Farm |
| 19:45 | Build | Farm |
| 19:46 | Create | Villager (Male) |
| 19:47 | Build | Farm |
| 19:50 | Create | Villager (Male) |
| 19:53 | Create | Villager (Male) |
| 20:02 | Build | Farm |
| 20:05 | Create | Villager (Male) |
| 20:07 | Create | Villager (Male) |
| 20:13 | Create | Mangonel |
| 20:18 | Build | Barracks |
| 20:22 | Create | Mangonel |
| 20:27 | Create | Battering Ram |
| 20:32 | Create | Villager (Male) |
| 20:32 | Create | Villager (Male) |
| 20:33 | Create | Villager (Male) |
| 20:35 | Build | Farm |
| 20:44 | Research | Scale Barding Armor |
| 20:44 | Research | Scale Barding Armor |
| 20:49 | Build | Farm |
| 20:51 | Build | Farm |
| 20:56 | Create | Villager (Male) |
| 21:14 | Create | Villager (Male) |
| 21:15 | Create | Villager (Male) |
| 21:36 | Build | Stable |
| 21:42 | Build | Stable |
| 21:46 | Create | Villager (Male) |
| 21:48 | Build | Farm |
| 21:50 | Create | Villager (Male) |
| 21:52 | Create | Villager (Male) |
| 21:54 | Build | Farm |
| 21:57 | Build | Farm |
| 22:07 | Build | Farm |
| 22:11 | Build | Farm |
| 22:16 | Build | Castle |
| 22:24 | Build | Mill |
| 22:30 | Create | Villager (Male) |
| 22:30 | Create | Villager (Male) |
| 22:31 | Create | Villager (Male) |
| 22:46 | Build | Stable |
| 22:54 | Build | Stable |
| 22:57 | Research | Bloodlines |
| 23:00 | Create | Villager (Male) |
Build order — clh5699
First 150 of 358 actions detected
| 0:20 | Build | Dock |
| 1:10 | Build | House |
| 1:12 | Create | Fishing Ship |
| 1:12 | Create | Fishing Ship |
| 1:12 | Create | Fishing Ship |
| 1:50 | Build | House |
| 2:35 | Build | Town Center |
| 3:29 | Create | Villager (Male) |
| 3:29 | Create | Villager (Male) |
| 3:29 | Create | Villager (Male) |
| 3:30 | Create | Villager (Male) |
| 3:33 | Create | Villager (Male) |
| 4:01 | Research | Loom |
| 4:08 | Create | Fishing Ship |
| 4:08 | Create | Fishing Ship |
| 4:42 | Create | Fishing Ship |
| 4:44 | Create | Villager (Male) |
| 4:45 | Create | Villager (Male) |
| 5:16 | Create | Villager (Male) |
| 5:39 | Create | Fishing Ship |
| 5:39 | Create | Fishing Ship |
| 5:39 | Create | Fishing Ship |
| 5:53 | Create | Villager (Male) |
| 5:53 | Create | Villager (Male) |
| 6:06 | Create | Villager (Male) |
| 6:06 | Create | Villager (Male) |
| 6:14 | Create | Fishing Ship |
| 6:14 | Create | Fishing Ship |
| 6:32 | Create | Villager (Male) |
| 6:32 | Create | Villager (Male) |
| 6:38 | Create | Villager (Male) |
| 6:38 | Create | Villager (Male) |
| 6:48 | Create | Fishing Ship |
| 6:48 | Create | Fishing Ship |
| 6:53 | Build | House |
| 7:07 | Create | Villager (Male) |
| 7:07 | Create | Villager (Male) |
| 7:12 | Create | Villager (Male) |
| 7:21 | Build | House |
| 7:22 | Create | Villager (Male) |
| 7:22 | Create | Villager (Male) |
| 7:27 | Build | Mill |
| 7:38 | Create | Villager (Male) |
| 7:44 | Create | Fishing Ship |
| 7:46 | Create | Villager (Male) |
| 7:47 | Create | Villager (Male) |
| 8:07 | Create | Fishing Ship |
| 8:34 | Create | Villager (Male) |
| 8:35 | Create | Villager (Male) |
| 8:44 | Create | Villager (Male) |
| 8:56 | Build | Mining Camp |
| 9:15 | Research | Feudal Age |
| 9:16 | Research | Feudal Age |
| 9:32 | Build | Dock |
| 10:51 | Build | Dock |
| 10:51 | Build | Dock |
| 11:29 | Age | Feudal Age |
| 11:31 | Create | Fire Galley |
| 11:33 | Create | Fire Galley |
| 11:35 | Research | Double-Bit Axe |
| 11:35 | Research | Double-Bit Axe |
| 11:38 | Create | Villager (Male) |
| 11:38 | Create | Villager (Male) |
| 11:44 | Build | Lumber Camp |
| 11:50 | Create | Villager (Male) |
| 11:50 | Create | Villager (Male) |
| 11:50 | Create | Villager (Male) |
| 11:56 | Create | Fire Galley |
| 11:56 | Create | Fire Galley |
| 12:03 | Build | House |
| 12:09 | Create | Villager (Male) |
| 12:09 | Create | Villager (Male) |
| 12:09 | Create | Villager (Male) |
| 12:14 | Create | Villager (Male) |
| 12:14 | Create | Villager (Male) |
| 12:23 | Create | Fire Galley |
| 12:29 | Build | House |
| 12:33 | Create | Fire Galley |
| 12:33 | Create | Fire Galley |
| 12:36 | Create | Villager (Male) |
| 12:36 | Create | Villager (Male) |
| 12:36 | Create | Villager (Male) |
| 12:36 | Create | Villager (Male) |
| 12:36 | Create | Villager (Male) |
| 12:48 | Create | Fire Galley |
| 12:48 | Create | Fire Galley |
| 12:58 | Create | Galley |
| 13:25 | Create | Fire Galley |
| 13:27 | Create | Fire Galley |
| 13:27 | Create | Fire Galley |
| 13:34 | Create | Fire Galley |
| 13:38 | Create | Villager (Male) |
| 13:39 | Create | Villager (Male) |
| 13:39 | Create | Villager (Male) |
| 13:39 | Create | Villager (Male) |
| 13:56 | Build | House |
| 14:14 | Create | Fire Galley |
| 14:15 | Create | Fire Galley |
| 14:43 | Create | Unit 2626 |
| 14:43 | Create | Unit 2626 |
| 14:43 | Create | Unit 2626 |
| 14:44 | Create | Villager (Male) |
| 14:45 | Create | Villager (Male) |
| 14:45 | Create | Villager (Male) |
| 14:48 | Research | Gold Mining |
| 14:48 | Research | Gold Mining |
| 14:50 | Research | Stone Mining |
| 15:01 | Create | Villager (Male) |
| 15:01 | Create | Villager (Male) |
| 15:29 | Create | Unit 2626 |
| 15:30 | Create | Unit 2626 |
| 15:30 | Create | Unit 2626 |
| 15:30 | Create | Unit 2626 |
| 15:31 | Create | Villager (Male) |
| 15:31 | Create | Villager (Male) |
| 15:32 | Create | Villager (Male) |
| 15:32 | Create | Villager (Male) |
| 15:32 | Create | Villager (Male) |
| 15:32 | Create | Villager (Male) |
| 15:33 | Create | Villager (Male) |
| 15:33 | Create | Villager (Male) |
| 15:33 | Create | Villager (Male) |
| 15:44 | Build | House |
| 16:01 | Create | Unit 2626 |
| 16:01 | Create | Unit 2626 |
| 16:01 | Create | Unit 2626 |
| 16:03 | Create | Villager (Male) |
| 16:11 | Create | Villager (Male) |
| 16:11 | Create | Villager (Male) |
| 16:47 | Create | Villager (Male) |
| 17:14 | Create | Unit 2626 |
| 17:14 | Create | Unit 2626 |
| 17:14 | Create | Unit 2626 |
| 17:14 | Create | Unit 2626 |
| 17:15 | Create | Unit 2626 |
| 17:15 | Create | Unit 2626 |
| 17:26 | Create | Villager (Male) |
| 17:26 | Create | Villager (Male) |
| 17:28 | Build | Blacksmith |
| 17:29 | Create | Villager (Male) |
| 17:29 | Create | Villager (Male) |
| 17:59 | Create | Unit 2626 |
| 18:00 | Create | Unit 2626 |
| 18:02 | Create | Unit 2626 |
| 18:03 | Create | Villager (Male) |
| 18:03 | Create | Villager (Male) |
| 18:04 | Create | Villager (Male) |
| 18:11 | Build | House |
| 18:12 | Build | House |
| 18:37 | Create | Villager (Male) |
Build order — Tính nóng võ công cao
First 150 of 467 actions detected
| 0:14 | Build | House |
| 0:52 | Build | Dock |
| 0:58 | Build | House |
| 1:32 | Create | Fishing Ship |
| 1:42 | Build | Town Center |
| 2:06 | Build | Palisade Wall |
| 2:07 | Build | Palisade Wall |
| 2:13 | Build | Palisade Wall |
| 2:16 | Build | Palisade Wall |
| 2:53 | Create | Villager (Male) |
| 2:53 | Create | Villager (Male) |
| 2:54 | Create | Villager (Male) |
| 3:13 | Create | Villager (Male) |
| 3:14 | Create | Villager (Male) |
| 3:14 | Create | Fishing Ship |
| 3:15 | Create | Fishing Ship |
| 3:46 | Create | Fishing Ship |
| 4:05 | Create | Fishing Ship |
| 4:11 | Build | House |
| 4:16 | Build | House |
| 4:21 | Create | Villager (Male) |
| 4:27 | Create | Fishing Ship |
| 4:44 | Create | Fishing Ship |
| 4:44 | Create | Fishing Ship |
| 5:04 | Create | Villager (Male) |
| 5:20 | Create | Villager (Male) |
| 5:38 | Build | House |
| 6:08 | Create | Villager (Male) |
| 6:22 | Create | Fishing Ship |
| 6:28 | Create | Villager (Male) |
| 6:37 | Build | Dock |
| 6:51 | Create | Villager (Male) |
| 6:56 | Build | Mill |
| 7:15 | Create | Fishing Ship |
| 7:24 | Build | House |
| 7:32 | Create | Villager (Male) |
| 7:38 | Create | Fishing Ship |
| 7:59 | Create | Villager (Male) |
| 8:09 | Create | Fishing Ship |
| 8:27 | Research | Feudal Age |
| 8:28 | Research | Feudal Age |
| 8:54 | Build | Mining Camp |
| 9:01 | Create | Fishing Ship |
| 9:11 | Build | House |
| 9:50 | Create | Fishing Ship |
| 9:55 | Create | Fishing Ship |
| 9:58 | Create | Villager (Male) |
| 10:37 | Age | Feudal Age |
| 10:40 | Create | Villager (Male) |
| 10:42 | Build | Market |
| 10:48 | Build | Blacksmith |
| 10:51 | Research | Town Watch |
| 10:51 | Research | Town Watch |
| 10:53 | Research | Loom |
| 11:24 | Create | Fishing Ship |
| 11:30 | Build | Outpost |
| 11:55 | Research | Castle Age |
| 12:03 | Build | House |
| 12:04 | Build | Palisade Wall |
| 12:08 | Create | Fishing Ship |
| 12:12 | Build | House |
| 12:18 | Research | Tech 906 |
| 12:18 | Research | Tech 906 |
| 12:42 | Build | Lumber Camp |
| 12:56 | Create | Unit 2626 |
| 12:58 | Create | Unit 2626 |
| 13:07 | Research | Gold Mining |
| 13:41 | Create | Unit 2626 |
| 13:42 | Create | Unit 2626 |
| 14:35 | Age | Castle Age |
| 14:38 | Research | War Galley (upgrade) |
| 14:40 | Create | Villager (Male) |
| 14:43 | Build | Siege Workshop |
| 14:45 | Create | Villager (Male) |
| 14:48 | Create | Monk |
| 14:52 | Create | Villager (Male) |
| 15:23 | Create | Mangonel |
| 15:23 | Create | Mangonel |
| 15:26 | Create | Villager (Male) |
| 15:34 | Research | Double-Bit Axe |
| 15:41 | Create | Villager (Male) |
| 16:09 | Create | Mangonel |
| 16:20 | Create | Villager (Male) |
| 16:32 | Create | Villager (Male) |
| 16:40 | Create | Unit 2626 |
| 16:45 | Create | Villager (Male) |
| 16:50 | Create | Monk |
| 17:00 | Create | Monk |
| 17:06 | Create | Villager (Male) |
| 17:22 | Create | Villager (Male) |
| 17:24 | Create | Villager (Male) |
| 17:28 | Build | Town Center |
| 17:35 | Create | Unit 2626 |
| 17:39 | Create | Unit 2626 |
| 17:42 | Create | Villager (Male) |
| 17:51 | Create | Villager (Male) |
| 17:53 | Create | Unit 2626 |
| 17:57 | Build | House |
| 18:11 | Build | House |
| 18:18 | Create | Villager (Male) |
| 18:35 | Create | Villager (Male) |
| 18:47 | Create | Villager (Male) |
| 18:47 | Create | Villager (Male) |
| 18:47 | Create | Villager (Male) |
| 18:49 | Create | Villager (Male) |
| 19:08 | Research | Sanctity |
| 19:10 | Create | Villager (Male) |
| 19:10 | Create | Villager (Male) |
| 19:19 | Research | Wheelbarrow |
| 19:22 | Create | Villager (Male) |
| 19:31 | Create | Villager (Male) |
| 19:36 | Build | Town Center |
| 19:40 | Create | Villager (Male) |
| 19:42 | Create | Unit 2626 |
| 19:45 | Create | Unit 2626 |
| 19:54 | Create | Villager (Male) |
| 20:01 | Create | Villager (Male) |
| 20:02 | Create | Villager (Male) |
| 20:04 | Build | Farm |
| 20:05 | Build | Farm |
| 20:05 | Create | Villager (Male) |
| 20:07 | Build | Farm |
| 20:07 | Build | Farm |
| 20:10 | Build | Farm |
| 20:24 | Create | Villager (Male) |
| 20:47 | Create | Villager (Male) |
| 20:48 | Create | Villager (Male) |
| 20:55 | Research | Redemption |
| 20:56 | Build | House |
| 20:57 | Build | House |
| 21:11 | Build | House |
| 21:17 | Create | Villager (Male) |
| 21:20 | Create | Villager (Male) |
| 21:21 | Create | Villager (Male) |
| 21:22 | Create | Villager (Male) |
| 21:22 | Create | Villager (Male) |
| 21:30 | Create | Villager (Male) |
| 21:43 | Create | Monk |
| 21:45 | Build | House |
| 21:46 | Build | House |
| 21:49 | Build | Farm |
| 21:50 | Build | Farm |
| 21:50 | Create | Villager (Male) |
| 22:07 | Create | Villager (Male) |
| 22:10 | Build | Farm |
| 22:10 | Build | Farm |
| 22:12 | Create | Villager (Male) |
| 22:36 | Create | Armored Elephant |
| 22:36 | Create | Armored Elephant |
| 22:38 | Create | Villager (Male) |
Build order — _LY_lyx
First 150 of 550 actions detected
| 1:06 | Build | Dock |
| 1:10 | Build | Dock |
| 1:45 | Build | House |
| 1:46 | Build | House |
| 2:30 | Build | Town Center |
| 2:35 | Create | Fishing Ship |
| 3:30 | Create | Villager (Male) |
| 3:30 | Create | Villager (Male) |
| 3:35 | Create | Fishing Ship |
| 3:38 | Create | Villager (Male) |
| 3:38 | Create | Villager (Male) |
| 4:14 | Create | Fishing Ship |
| 4:16 | Create | Villager (Male) |
| 4:16 | Create | Villager (Male) |
| 4:52 | Build | Dock |
| 5:02 | Create | Villager (Male) |
| 5:04 | Create | Fishing Ship |
| 5:05 | Create | Fishing Ship |
| 5:37 | Create | Fishing Ship |
| 5:40 | Create | Villager (Male) |
| 5:40 | Create | Villager (Male) |
| 5:58 | Create | Fishing Ship |
| 6:03 | Build | House |
| 6:18 | Create | Villager (Male) |
| 6:18 | Create | Villager (Male) |
| 6:27 | Create | Fishing Ship |
| 6:29 | Create | Fishing Ship |
| 6:37 | Create | Villager (Male) |
| 7:03 | Build | Dock |
| 7:11 | Create | Villager (Male) |
| 7:16 | Create | Fishing Ship |
| 7:24 | Create | Fishing Ship |
| 7:24 | Create | Fishing Ship |
| 7:29 | Create | Villager (Male) |
| 7:49 | Create | Villager (Male) |
| 7:56 | Build | House |
| 7:57 | Create | Fishing Ship |
| 8:02 | Create | Fishing Ship |
| 8:08 | Create | Villager (Male) |
| 8:18 | Create | Fishing Ship |
| 8:28 | Build | House |
| 8:41 | Create | Fishing Ship |
| 8:46 | Create | Villager (Male) |
| 8:54 | Create | Fishing Ship |
| 9:04 | Create | Villager (Male) |
| 9:10 | Build | House |
| 9:11 | Build | House |
| 9:26 | Build | Dock |
| 9:39 | Create | Fishing Ship |
| 9:52 | Create | Fishing Ship |
| 9:52 | Create | Fishing Ship |
| 9:55 | Research | Feudal Age |
| 10:03 | Build | Palisade Wall |
| 10:14 | Create | Fishing Ship |
| 10:28 | Build | Lumber Camp |
| 10:42 | Build | Palisade Wall |
| 10:49 | Create | Fishing Ship |
| 10:50 | Create | Fishing Ship |
| 11:05 | Build | Mill |
| 11:20 | Create | Fishing Ship |
| 11:33 | Create | Fishing Ship |
| 11:50 | Build | Lumber Camp |
| 11:58 | Create | Villager (Male) |
| 12:05 | Age | Feudal Age |
| 12:09 | Create | Villager (Male) |
| 12:15 | Build | Blacksmith |
| 12:43 | Build | Market |
| 12:49 | Research | Double-Bit Axe |
| 12:50 | Create | Villager (Male) |
| 13:03 | Create | Unit 2626 |
| 13:17 | Create | Fishing Ship |
| 13:21 | Create | Fishing Ship |
| 13:27 | Research | Castle Age |
| 13:27 | Research | Castle Age |
| 13:30 | Create | Unit 2626 |
| 13:30 | Create | Unit 2626 |
| 13:36 | Research | Tech 906 |
| 13:36 | Research | Tech 906 |
| 13:53 | Build | House |
| 13:54 | Build | House |
| 13:58 | Create | Unit 2626 |
| 14:25 | Create | Unit 2626 |
| 14:27 | Research | Forging |
| 14:29 | Build | Dock |
| 14:36 | Create | Fishing Ship |
| 14:37 | Create | Fishing Ship |
| 14:40 | Create | Unit 2626 |
| 14:41 | Create | Unit 2626 |
| 14:51 | Build | House |
| 14:57 | Create | Unit 2626 |
| 15:09 | Create | Unit 2626 |
| 15:09 | Create | Unit 2626 |
| 15:13 | Create | Villager (Male) |
| 15:28 | Create | Unit 2626 |
| 15:31 | Research | Wheelbarrow |
| 15:32 | Research | Loom |
| 15:47 | Create | Unit 2626 |
| 16:07 | Age | Castle Age |
| 16:10 | Research | War Galley (upgrade) |
| 16:14 | Research | Bow Saw |
| 16:15 | Create | Villager (Male) |
| 16:21 | Build | University |
| 16:30 | Create | Unit 2626 |
| 16:34 | Build | Town Center |
| 16:42 | Create | Unit 2626 |
| 17:09 | Create | Unit 2626 |
| 17:20 | Research | Iron Casting |
| 17:22 | Create | Unit 2626 |
| 17:22 | Create | Unit 2626 |
| 17:22 | Create | Unit 2626 |
| 17:25 | Create | Villager (Male) |
| 17:31 | Create | Unit 2626 |
| 17:32 | Create | Unit 2626 |
| 17:41 | Research | Tech 908 |
| 17:41 | Research | Tech 908 |
| 17:42 | Create | Villager (Male) |
| 18:12 | Create | Fire Galley |
| 18:12 | Create | Fire Galley |
| 18:13 | Create | Fire Galley |
| 18:13 | Create | Fire Galley |
| 18:13 | Create | Fire Galley |
| 18:26 | Create | Fire Galley |
| 18:27 | Create | Fire Galley |
| 18:29 | Create | Villager (Male) |
| 18:29 | Create | Villager (Male) |
| 18:54 | Create | Fishing Ship |
| 18:55 | Create | Fishing Ship |
| 18:55 | Create | Fishing Ship |
| 18:55 | Create | Fishing Ship |
| 18:55 | Create | Fishing Ship |
| 19:01 | Research | Careening |
| 19:01 | Research | Careening |
| 19:02 | Create | Villager (Male) |
| 19:30 | Research | Hand Cart |
| 19:33 | Create | Fishing Ship |
| 19:33 | Create | Fishing Ship |
| 19:33 | Create | Fishing Ship |
| 19:33 | Create | Fishing Ship |
| 19:45 | Create | Fire Galley |
| 19:45 | Create | Fire Galley |
| 19:53 | Build | House |
| 19:54 | Build | House |
| 19:55 | Build | House |
| 19:57 | Create | Villager (Male) |
| 19:58 | Create | Villager (Male) |
| 20:15 | Create | Villager (Male) |
| 20:16 | Build | Town Center |
| 20:25 | Create | Unit 2626 |
| 20:25 | Create | Unit 2626 |
| 20:31 | Build | House |
Build order — 清远华
First 150 of 390 actions detected
| 0:11 | Build | House |
| 0:12 | Build | House |
| 0:43 | Build | Dock |
| 1:24 | Build | Town Center |
| 1:36 | Create | Fishing Ship |
| 2:39 | Create | Fishing Ship |
| 2:39 | Create | Fishing Ship |
| 2:44 | Create | Villager (Male) |
| 2:45 | Create | Villager (Male) |
| 2:45 | Create | Villager (Male) |
| 2:56 | Create | Villager (Male) |
| 3:05 | Create | Fishing Ship |
| 3:08 | Create | Villager (Male) |
| 3:31 | Build | House |
| 3:58 | Create | Fishing Ship |
| 4:05 | Create | Villager (Male) |
| 4:14 | Create | Villager (Male) |
| 4:19 | Create | Fishing Ship |
| 4:49 | Create | Villager (Male) |
| 4:56 | Create | Villager (Male) |
| 5:00 | Create | Fishing Ship |
| 5:08 | Create | Villager (Male) |
| 5:19 | Build | House |
| 5:27 | Build | Palisade Wall |
| 5:28 | Create | Villager (Male) |
| 5:34 | Create | Fishing Ship |
| 5:49 | Create | Villager (Male) |
| 6:21 | Create | Fishing Ship |
| 6:39 | Build | House |
| 6:46 | Create | Villager (Male) |
| 7:04 | Create | Fishing Ship |
| 7:26 | Build | House |
| 7:28 | Build | Palisade Wall |
| 7:31 | Build | Palisade Wall |
| 7:33 | Build | Palisade Wall |
| 8:03 | Research | Feudal Age |
| 8:17 | Build | Mining Camp |
| 8:46 | Build | Mining Camp |
| 9:05 | Build | House |
| 9:07 | Build | Palisade Wall |
| 9:31 | Build | Mill |
| 9:55 | Create | Villager (Male) |
| 9:55 | Create | Villager (Male) |
| 10:19 | Age | Feudal Age |
| 10:22 | Build | Blacksmith |
| 10:43 | Build | Market |
| 10:51 | Build | Stone Wall |
| 10:52 | Build | Stone Wall |
| 10:55 | Build | Stone Wall |
| 10:57 | Build | Stone Wall |
| 11:33 | Research | Castle Age |
| 11:36 | Build | Lumber Camp |
| 11:56 | Build | Stone Wall |
| 12:08 | Research | Double-Bit Axe |
| 12:13 | Create | Unit 2626 |
| 13:22 | Research | Fletching |
| 13:32 | Create | Unit 2626 |
| 13:32 | Create | Unit 2626 |
| 13:55 | Create | Villager (Male) |
| 13:55 | Create | Villager (Male) |
| 14:13 | Age | Castle Age |
| 14:15 | Build | Outpost |
| 14:28 | Build | Outpost |
| 14:37 | Research | Town Watch |
| 15:06 | Build | Castle |
| 15:12 | Create | Villager (Male) |
| 15:14 | Research | Bow Saw |
| 15:14 | Research | Bow Saw |
| 15:18 | Create | Villager (Male) |
| 15:42 | Create | Villager (Male) |
| 15:59 | Research | Bodkin Arrow |
| 16:15 | Build | House |
| 16:20 | Create | Villager (Male) |
| 16:37 | Create | Villager (Male) |
| 16:41 | Build | Siege Workshop |
| 16:44 | Create | Mangudai |
| 17:12 | Create | Mangonel |
| 17:43 | Create | Villager (Male) |
| 17:45 | Create | Mangudai |
| 18:15 | Create | Mangudai |
| 18:16 | Create | Villager (Male) |
| 18:29 | Create | Mangudai |
| 18:33 | Create | Villager (Male) |
| 18:37 | Build | Outpost |
| 18:44 | Create | Villager (Male) |
| 18:46 | Create | Villager (Male) |
| 19:05 | Create | Mangudai |
| 19:14 | Research | Horse Collar |
| 19:21 | Build | Outpost |
| 19:27 | Create | Villager (Male) |
| 19:40 | Create | Mangudai |
| 19:41 | Create | Villager (Male) |
| 19:47 | Build | Farm |
| 19:48 | Build | Farm |
| 20:03 | Create | Villager (Male) |
| 20:06 | Build | Farm |
| 20:08 | Create | Villager (Male) |
| 20:12 | Build | Farm |
| 20:20 | Build | Town Center |
| 20:21 | Create | Villager (Male) |
| 20:24 | Create | Villager (Male) |
| 20:38 | Create | Villager (Male) |
| 20:47 | Create | Mangudai |
| 20:51 | Build | Farm |
| 20:54 | Create | Monk |
| 21:19 | Create | Villager (Male) |
| 21:25 | Build | Dock |
| 21:36 | Build | House |
| 21:55 | Create | Mangonel |
| 22:28 | Build | Palisade Wall |
| 22:35 | Create | Mangudai |
| 22:45 | Create | Villager (Male) |
| 22:59 | Create | Villager (Male) |
| 23:15 | Create | Villager (Male) |
| 23:20 | Build | House |
| 23:21 | Build | House |
| 23:42 | Build | Farm |
| 23:44 | Create | Villager (Male) |
| 23:52 | Create | Monk |
| 23:55 | Create | Villager (Male) |
| 24:02 | Build | Gate |
| 24:06 | Build | Stone Wall |
| 24:21 | Create | Villager (Male) |
| 24:30 | Build | House |
| 25:02 | Build | House |
| 25:06 | Create | Villager (Male) |
| 25:22 | Build | Town Center |
| 25:24 | Create | Villager (Male) |
| 25:31 | Build | Farm |
| 25:43 | Build | House |
| 25:59 | Create | Villager (Male) |
| 26:13 | Build | Farm |
| 26:14 | Build | Farm |
| 26:15 | Build | Farm |
| 26:16 | Build | Farm |
| 26:17 | Create | Villager (Male) |
| 26:23 | Build | House |
| 26:24 | Build | House |
| 26:27 | Build | House |
| 26:30 | Build | Stone Wall |
| 26:34 | Build | House |
| 26:52 | Create | Villager (Male) |
| 27:15 | Build | Barracks |
| 27:21 | Build | Lumber Camp |
| 27:22 | Create | Villager (Male) |
| 27:24 | Build | Farm |
| 27:25 | Build | Farm |
| 27:40 | Create | Monk |
| 27:46 | Build | Archery Range |
| 27:54 | Create | Villager (Male) |
Build order — _FJ_糖糖
First 150 of 203 actions detected
| 1:04 | Build | Dock |
| 1:40 | Build | Town Center |
| 2:21 | Build | House |
| 2:38 | Create | Villager (Male) |
| 2:45 | Create | Fishing Ship |
| 2:45 | Create | Fishing Ship |
| 2:47 | Create | Villager (Male) |
| 2:59 | Create | Villager (Male) |
| 3:10 | Create | Fishing Ship |
| 3:12 | Create | Villager (Male) |
| 3:31 | Build | House |
| 3:33 | Create | Villager (Male) |
| 3:50 | Create | Fishing Ship |
| 4:03 | Create | Villager (Male) |
| 4:16 | Create | Villager (Male) |
| 4:31 | Create | Fishing Ship |
| 4:47 | Create | Villager (Male) |
| 4:48 | Create | Fishing Ship |
| 5:36 | Build | House |
| 5:41 | Create | Villager (Male) |
| 5:50 | Build | Dock |
| 5:53 | Create | Villager (Male) |
| 5:54 | Create | Fishing Ship |
| 6:11 | Create | Villager (Male) |
| 6:23 | Create | Fishing Ship |
| 6:37 | Create | Fishing Ship |
| 6:37 | Create | Fishing Ship |
| 6:46 | Build | Palisade Wall |
| 6:47 | Create | Villager (Male) |
| 6:58 | Create | Villager (Male) |
| 7:04 | Build | Mill |
| 7:18 | Create | Villager (Male) |
| 7:24 | Research | Loom |
| 7:50 | Build | Palisade Wall |
| 8:02 | Create | Fishing Ship |
| 8:02 | Create | Fishing Ship |
| 8:08 | Create | Fishing Ship |
| 8:09 | Create | Fishing Ship |
| 8:10 | Create | Villager (Male) |
| 8:14 | Build | House |
| 8:25 | Create | Villager (Male) |
| 8:41 | Create | Fishing Ship |
| 8:49 | Research | Feudal Age |
| 8:52 | Create | Fishing Ship |
| 10:01 | Build | House |
| 10:03 | Create | Villager (Male) |
| 10:33 | Build | Palisade Wall |
| 10:34 | Build | Palisade Wall |
| 10:34 | Build | Palisade Wall |
| 10:52 | Create | Villager (Male) |
| 11:03 | Age | Feudal Age |
| 11:06 | Build | Blacksmith |
| 11:08 | Build | Market |
| 11:29 | Build | Palisade Wall |
| 11:41 | Build | Lumber Camp |
| 11:54 | Research | Castle Age |
| 12:05 | Research | Double-Bit Axe |
| 12:50 | Build | Mining Camp |
| 13:13 | Create | Villager (Male) |
| 13:33 | Create | Villager (Male) |
| 13:53 | Create | Villager (Male) |
| 14:06 | Build | House |
| 14:11 | Research | Tech 906 |
| 14:34 | Age | Castle Age |
| 14:40 | Build | Siege Workshop |
| 14:43 | Create | Villager (Male) |
| 15:01 | Create | Villager (Male) |
| 15:37 | Create | Armored Elephant |
| 15:37 | Create | Armored Elephant |
| 15:42 | Build | Castle |
| 15:50 | Create | Villager (Male) |
| 15:52 | Create | Armored Elephant |
| 16:05 | Create | Villager (Male) |
| 16:19 | Create | Villager (Male) |
| 16:56 | Research | Fletching |
| 17:02 | Create | Villager (Male) |
| 17:18 | Build | House |
| 17:28 | Build | Monastery |
| 17:32 | Create | Armored Elephant |
| 17:32 | Create | Armored Elephant |
| 17:42 | Create | Petard |
| 17:42 | Create | Petard |
| 18:18 | Create | Monk |
| 18:47 | Create | Monk |
| 19:55 | Create | Petard |
| 19:56 | Create | Petard |
| 19:56 | Create | Petard |
| 20:14 | Create | Armored Elephant |
| 20:58 | Create | Petard |
| 20:58 | Create | Petard |
| 21:16 | Create | Armored Elephant |
| 21:16 | Create | Armored Elephant |
| 21:16 | Create | Armored Elephant |
| 21:56 | Create | Petard |
| 21:56 | Create | Petard |
| 22:49 | Create | Ratha (Ranged) |
| 22:50 | Create | Ratha (Ranged) |
| 22:50 | Create | Ratha (Ranged) |
| 23:22 | Create | Mangonel |
| 24:08 | Build | Lumber Camp |
| 24:18 | Create | Ratha (Ranged) |
| 24:21 | Create | Ratha (Ranged) |
| 24:21 | Create | Ratha (Ranged) |
| 24:30 | Build | Outpost |
| 25:06 | Create | Mangonel |
| 25:09 | Create | Ratha (Ranged) |
| 25:10 | Create | Ratha (Ranged) |
| 25:29 | Create | Fishing Ship |
| 25:31 | Create | Fishing Ship |
| 25:34 | Create | Villager (Male) |
| 26:07 | Build | Castle |
| 26:14 | Create | Villager (Male) |
| 26:38 | Create | Villager (Male) |
| 27:12 | Create | Villager (Male) |
| 27:52 | Create | Villager (Male) |
| 28:02 | Build | Outpost |
| 28:04 | Research | Town Watch |
| 28:09 | Build | Outpost |
| 28:16 | Create | Fishing Ship |
| 28:16 | Create | Fishing Ship |
| 28:40 | Build | Outpost |
| 29:01 | Create | Ratha (Ranged) |
| 29:01 | Create | Ratha (Ranged) |
| 29:02 | Create | Ratha (Ranged) |
| 29:06 | Create | Villager (Male) |
| 29:09 | Create | Fishing Ship |
| 29:10 | Create | Fishing Ship |
| 29:10 | Create | Fishing Ship |
| 29:18 | Create | Fishing Ship |
| 29:49 | Create | Villager (Male) |
| 30:03 | Create | Fishing Ship |
| 30:04 | Create | Fishing Ship |
| 30:11 | Build | Outpost |
| 30:40 | Research | Padded Archer Armor |
| 30:40 | Research | Padded Archer Armor |
| 31:02 | Build | Lumber Camp |
| 31:03 | Create | Fishing Ship |
| 31:03 | Create | Fishing Ship |
| 31:10 | Build | Dock |
| 31:12 | Create | Fishing Ship |
| 31:12 | Create | Fishing Ship |
| 31:29 | Create | Villager (Male) |
| 31:39 | Create | Fishing Ship |
| 31:50 | Build | Lumber Camp |
| 32:02 | Create | Fishing Ship |
| 32:03 | Create | Fishing Ship |
| 32:08 | Create | Fishing Ship |
| 32:09 | Create | Fishing Ship |
| 32:13 | Create | Fishing Ship |
| 32:13 | Create | Fishing Ship |
Match timeline
| 0:20 | clh5699 · first_building Dock |
| 0:31 | 1472389020 · first_building Dock |
| 0:43 | 清远华 · first_building Dock |
| 0:52 | Tính nóng võ công cao · first_building Dock |
| 0:54 | Quàng Thượng · first_building Dock |
| 1:04 | _FJ_糖糖 · first_building Dock |
| 1:06 | _LY_lyx · first_building Dock |
| 1:30 | SAVIOR · first_building Dock |
| 2:06 | Tính nóng võ công cao · wall_segment Palisade Wall x1 |
| 2:07 | Tính nóng võ công cao · wall_segment Palisade Wall x1 |
| 2:13 | Tính nóng võ công cao · wall_segment Palisade Wall x1 |
| 2:13 | 1472389020 · wall_segment Palisade Wall x1 |
| 2:16 | Tính nóng võ công cao · wall_segment Palisade Wall x1 |
| 2:24 | 1472389020 · wall_segment Palisade Wall x1 |
| 5:27 | 清远华 · wall_segment Palisade Wall x8 |
| 6:46 | _FJ_糖糖 · wall_segment Palisade Wall x8 |
| 7:28 | 清远华 · wall_segment Palisade Wall x6 |
| 7:31 | 清远华 · wall_segment Palisade Wall x1 |
| 7:33 | 清远华 · wall_segment Palisade Wall x3 |
| 7:50 | _FJ_糖糖 · wall_segment Palisade Wall x7 |
| 9:07 | 清远华 · wall_segment Palisade Wall x5 |
| 10:03 | _LY_lyx · wall_segment Palisade Wall x6 |
| 10:10 | SAVIOR · wall_segment Palisade Wall x1 |
| 10:13 | SAVIOR · wall_segment Palisade Wall x1 |
| 10:19 | 清远华 · age_up feudal |
| 10:29 | SAVIOR · wall_segment Palisade Wall x1 |
| 10:33 | _FJ_糖糖 · wall_segment Palisade Wall x1 |
| 10:34 | _FJ_糖糖 · wall_segment Palisade Wall x1 |
| 10:34 | _FJ_糖糖 · wall_segment Palisade Wall x2 |
| 10:37 | Tính nóng võ công cao · age_up feudal |
| 10:42 | _LY_lyx · wall_segment Palisade Wall x1 |
| 10:51 | 清远华 · wall_segment Stone Wall x1 |
| 10:52 | 清远华 · wall_segment Stone Wall x1 |
| 10:55 | 清远华 · wall_segment Stone Wall x1 |
| 10:57 | 清远华 · wall_segment Stone Wall x1 |
| 11:03 | _FJ_糖糖 · age_up feudal |
| 11:18 | SAVIOR · wall_segment Palisade Wall x1 |
| 11:19 | Quàng Thượng · age_up feudal |
| 11:24 | 1472389020 · wall_segment Palisade Wall x1 |
| 11:26 | 1472389020 · wall_segment Palisade Wall x1 |
| 11:28 | 1472389020 · wall_segment Palisade Wall x1 |
| 11:29 | clh5699 · age_up feudal |
| 11:29 | _FJ_糖糖 · wall_segment Palisade Wall x4 |
| 11:56 | 清远华 · wall_segment Stone Wall x4 |
| 11:57 | SAVIOR · wall_segment Palisade Wall x1 |
| 12:00 | 1472389020 · age_up feudal |
| 12:00 | SAVIOR · wall_segment Palisade Wall x1 |
| 12:04 | Tính nóng võ công cao · wall_segment Palisade Wall x4 |
| 12:05 | _LY_lyx · age_up feudal |
| 12:06 | SAVIOR · wall_segment Palisade Wall x1 |
| 12:31 | Quàng Thượng · first_market_sell 100 wood |
| 12:33 | SAVIOR · age_up feudal |
| 14:06 | SAVIOR · first_market_sell 100 wood |
| 14:13 | 清远华 · age_up castle |
| 14:34 | _FJ_糖糖 · age_up castle |
| 14:35 | Tính nóng võ công cao · age_up castle |
| 14:40 | _FJ_糖糖 · first_building Siege Workshop |
| 14:43 | Tính nóng võ công cao · first_building Siege Workshop |
| 14:54 | 清远华 · first_market_sell 100 wood |
| 14:55 | 清远华 · first_market_buy 100 stone |
| 15:06 | 清远华 · first_building Castle |
| 15:14 | Quàng Thượng · age_up castle |
| 15:24 | _FJ_糖糖 · first_market_buy 100 stone |
| 15:30 | Tính nóng võ công cao · first_market_sell 100 food |
| 15:35 | _FJ_糖糖 · first_market_sell 100 wood |
| 15:39 | 1472389020 · age_up castle |
| 15:42 | _FJ_糖糖 · first_building Castle |
| 15:57 | 1472389020 · first_building Castle |
| 16:07 | _LY_lyx · age_up castle |
| 16:32 | 1472389020 · first_building Siege Workshop |
| 16:41 | 清远华 · first_building Siege Workshop |
| 16:49 | SAVIOR · age_up castle |
| 16:52 | SAVIOR · first_building Castle |
| 17:28 | _FJ_糖糖 · first_building Monastery |
| 17:35 | _LY_lyx · first_market_sell 100 food |
| 18:04 | SAVIOR · first_building Siege Workshop |
| 18:08 | 1472389020 · wall_segment Stone Wall x1 |
| 19:02 | 1472389020 · first_market_sell 500 wood |
| 19:16 | Tính nóng võ công cao · first_market_buy 100 stone |
| 20:18 | SAVIOR · first_building Barracks |
| 21:31 | SAVIOR · first_market_buy 100 wood |
| 21:36 | SAVIOR · first_building Stable |
| 21:37 | Quàng Thượng · first_market_buy 100 food |
| 22:09 | 1472389020 · wall_segment Stone Wall x1 |
| 22:27 | 1472389020 · age_up imperial |
| 22:28 | 清远华 · wall_segment Palisade Wall x1 |
| 23:14 | _LY_lyx · first_building Monastery |
| 23:19 | _LY_lyx · first_building Siege Workshop |
| 24:06 | 清远华 · wall_segment Stone Wall x6 |
| 24:22 | _LY_lyx · first_building Barracks |
| 25:02 | _LY_lyx · first_building Stable |
| 25:05 | Quàng Thượng · first_building Barracks |
| 25:24 | _LY_lyx · first_building Castle |
| 25:45 | Tính nóng võ công cao · first_building Monastery |
| 25:52 | Quàng Thượng · first_building Stable |
| 26:30 | 清远华 · wall_segment Stone Wall x2 |
| 27:15 | 清远华 · first_building Barracks |
| 27:46 | 清远华 · first_building Archery Range |
| 27:53 | _LY_lyx · age_up imperial |
| 28:06 | 清远华 · wall_segment Stone Wall x6 |
| 28:57 | 1472389020 · first_market_buy 100 food |
| 29:27 | 1472389020 · first_building Monastery |
| 30:27 | Tính nóng võ công cao · first_building Castle |
| 30:34 | Quàng Thượng · first_building Castle |
| 31:50 | Tính nóng võ công cao · age_up imperial |
| 32:29 | clh5699 · first_building Barracks |
| 32:41 | _LY_lyx · first_market_buy 100 wood |
| 32:42 | 1472389020 · first_building Barracks |
| 33:10 | clh5699 · first_building Stable |
| 33:23 | 1472389020 · first_building Archery Range |
| 33:55 | 清远华 · wall_segment Stone Wall x1 |
| 33:59 | clh5699 · age_up castle |
| 34:25 | clh5699 · first_building Siege Workshop |
| 34:55 | Quàng Thượng · age_up imperial |
| 37:32 | 1472389020 · wall_segment Palisade Wall x1 |
| 37:48 | SAVIOR · first_building Archery Range |
| 39:37 | _FJ_糖糖 · wall_segment Stone Wall x7 |
| 39:45 | _FJ_糖糖 · wall_segment Stone Wall x6 |
| 39:55 | Tính nóng võ công cao · first_building Barracks |
| 40:53 | _LY_lyx · first_building Archery Range |
| 42:06 | Tính nóng võ công cao · first_building Stable |
| 42:49 | Quàng Thượng · tribute_sent a jugador 2 |
| 42:49 | Quàng Thượng · tribute_sent a jugador 3 |
| 42:49 | Quàng Thượng · tribute_sent a jugador 4 |
| 42:49 | Quàng Thượng · tribute_sent a jugador 5 |
| 42:49 | Quàng Thượng · tribute_sent a jugador 6 |
| 42:49 | Quàng Thượng · tribute_sent a jugador 7 |
| 42:49 | Quàng Thượng · tribute_sent a jugador 8 |
| 42:57 | Tính nóng võ công cao · first_building Archery Range |
| 43:13 | Quàng Thượng · tribute_sent a jugador 2 |
| 43:13 | Quàng Thượng · tribute_sent a jugador 3 |
| 43:13 | Quàng Thượng · tribute_sent a jugador 4 |
| 43:13 | Quàng Thượng · tribute_sent a jugador 5 |
| 43:13 | Quàng Thượng · tribute_sent a jugador 6 |
| 43:13 | Quàng Thượng · tribute_sent a jugador 7 |
| 43:13 | Quàng Thượng · tribute_sent a jugador 8 |
| 44:14 | _LY_lyx · resign |
[ AI ANALYSIS · 1 CREDIT ]
What really happened in this match?
Wolo.gg analyzes every decision: build order, eco, micro, common mistakes by bracket. Personalized analysis on WhatsApp or Discord in 30 seconds.
Civ guide
Slavs
Map guide
Pilgrims
Perfil
Quàng Thượng